Map: El Dorado

Players

peacake

  • Race: Zerg Zerg
  • League: Platinum
  • Spawn Location: 5:00

llllllllllll - Winner!

  • Race: Zerg Zerg
  • League: Platinum
  • Spawn Location: 7:00

VOD

Have the link to the VOD?

Description

Time

  • Played on: April 25, 2025, 6:02 a.m.
  • Length: 4:18
Show
View Real Time Build Order
Export as new Build Order

peacake Zerg 

Build Orders: Hatch First 

Get SALT Encoding   

  12  0:01  Drone  
  13  0:13  Drone  
  14  0:23  Overlord  
  14  0:41  Drone  
  14  0:42  Drone x2  
  17  1:01  Drone  
  17  1:03  Hatchery  
  17  1:04  Drone  
  18  1:10  Extractor  
  17  1:20  Spawning Pool  
  17  1:23  Drone  
  18  1:32  Drone  
  18  1:36  Drone  
  19  2:02  Drone x2  
  21  2:14  Queen  
  23  2:22  Spine Crawler  
  22  2:25  Queen  
  22  2:26  Drone  
  22  2:29  Zergling x2  
  26  2:35  Spine Crawler  
  25  2:39  Metabolic Boost  
  25  2:43  Zergling x2  
  26  2:45  Zergling x2  
  26  2:49  Drone  
  28  2:55  Spine Crawler  
  28  2:57  Drone  
  28  3:02  Overlord  
  28  3:08  Spine Crawler  
  28  3:10  Drone  
  28  3:18  Spine Crawler  
  27  3:25  Zergling x6  
  27  3:27  Zergling x2  
  27  3:32  Zergling x2  
  27  3:33  Zergling x2  
  24  3:36  Zergling x2  
  24  3:40  Zergling x2  
  22  3:43  Zergling x2  
  22  3:48  Zergling x2  
  22  3:50  Zergling x2  
Show
View Real Time Build Order
Export as new Build Order

llllllllllll Zerg - Winner!

Build Orders: Hatch First 

Get SALT Encoding   

  12  0:00  Drone  
  13  0:08  Drone  
  13  0:14  Extractor  
  13  0:15  Drone  
  15  0:37  Hatchery  
  15  0:38  Extractor  
  15  0:41  Drone  
  14  0:57  Spawning Pool  
  14  1:01  Drone  
  14  1:12  Overlord  
  14  1:44  Zergling x6, Metabolic Boost  
  17  1:51  Queen  
  19  1:55  Zergling x2  
  19  2:00  Zergling x2  
  21  2:03  Zergling x2  
  21  2:07  Zergling x2  
  23  2:10  Zergling x2  
  24  2:17  Zergling x2  
  24  2:21  Zergling x2  
  26  2:27  Overlord  
  26  2:33  Overlord  
  26  2:38  Zergling x2  
  26  2:43  Zergling x2  
  28  2:51  Zergling x2  
  29  2:55  Zergling x2  
  30  2:59  Zergling x4  
  30  3:04  Zergling x2  
  33  3:07  Zergling x2  
  33  3:10  Zergling x2  
  33  3:11  Zergling x2  
  36  3:19  Zergling x2  
  37  3:25  Zergling x2  
  37  3:29  Zergling x2  
  37  3:32  Zergling x2  
  37  3:33  Zergling x2  
  35  3:39  Zergling x4  
  37  3:44  Zergling x2  
  38  3:52  Zergling x2  
  38  3:53  Zergling x2  
  39  3:57  Zergling x2  
Tags
 
Add a new tag
Caveats
  • Supply blocks, unpowered buildings, or Contaminate may cause inaccurate times.
  • Supply counts are checked every 10 seconds.